 Dungeon Crawl Stone Soup version 0.31-a0-971-g75a2e9a4b4 (webtiles) character file.

Game seed: 15224203105319568238

1206 zenocrate the Ruffian (level 8, -6/73 (74) HPs)
             Began as a Troll Fighter on Oct 28, 2023.
             Mangled by a wight
             ... wielding a +0 antimagic halberd
              (11 damage)
             ... on level 8 of the Dungeon.
             The game lasted 00:04:07 (3661 turns).

zenocrate the Ruffian (Troll Fighter)               Turns: 3661, Time: 00:04:08

HP:   -6/73 (74)    AC:  4    Str: 25    XL:     8   Next: 21%
MP:   0/10          EV:  9    Int: 10    God:
Gold: 365           SH:  9    Dex: 11    Spells: 9/11 levels left

rFire   . .          .
                       - Unarmed
rCold   . . .        b - +1 kite shield
rNeg    . . .        a - +0 robe
rPois   .            (helmet restricted)
rElec   .            (no cloak)
rCorr   .            (gloves unavailable)
SInv    +            (boots unavailable)
Will    .....        m - amulet of the acrobat
Stlth   +            f - +6 ring of intelligence
HPRegen 1.12/turn    q - ring of see invisible
MPRegen 0.12/turn

%: acrobat
@: lightly drained
A: large, unfitting armour, claws 3, regeneration 1, shaggy fur 1, tough skin 1
a: no special abilities


You were on level 8 of the Dungeon.
You visited 1 branch of the dungeon, and saw 7 of its levels.

You collected 365 gold pieces.

Inventory:

Missiles
 i - 10 boomerangs (quivered)
Armour
 a - a +0 robe (worn)
 b - a +1 kite shield (worn)
Jewellery
 f - a +6 ring of intelligence (left claw)
 m - an amulet of the acrobat (around neck)
 q - a ring of see invisible (right claw)
Wands
 j - a wand of charming (13)
Scrolls
 c - a scroll of vulnerability
 g - 2 scrolls of teleportation
Potions
 d - a potion of attraction
 h - a potion of haste {unknown}
 k - 2 potions of brilliance {unknown}
 n - 2 potions of lignification {unknown}
 o - a potion of might
 r - 2 potions of enlightenment {unknown}


   Skills:
 - Level 2.4 Fighting
 - Level 2.4 Dodging
 - Level 2.6 Shields
 + Level 7.6 Unarmed Combat
 - Level 2.3 Spellcasting
 + Level 3.6 Evocations


You had 9 spell levels left.
You knew the following spells:

 Your Spells              Type           Power      Damage    Failure   Level
a - Blink                 Tloc           2%         N/A       67%         2

Your spell library contained the following spells:

 Spells                   Type           Power      Damage    Failure   Level
 Gell's Gravitas          Tloc           1%         N/A       88%         3
 Ozocubu's Armour         Ice            1%         N/A       88%         3
 Teleport Other           Tloc           1%         N/A       88%         3
 Manifold Assault         Tloc           1%         N/A       99%         4
 Dispersal                Tloc           0%         N/A       100%        6
 Ozocubu's Refrigeration  Ice            0%         4d7       100%        7


Dungeon Overview and Level Annotations

Branches:
Dungeon (6/15)
 Temple: D:4-7

Altars:
Gozag
Wu Jian

Shops:
D:2 [   D:5 (


Innate Abilities, Weirdness & Mutations

You are too large for most types of armour.
You have claws for hands.
Your natural rate of healing is unusually fast.
You are covered in fur. (AC +1)
You have tough skin. (AC +1)


Message History

The electric eel completely resists.
The bolt of electricity hits the wight!
The wight is destroyed!
Unknown command.
You miss the electric eel.
The electric eel is severely wounded.
The electric eel shoots out a bolt of lightning at you!
The bolt of electricity hits you!
* * * LOW HITPOINT WARNING * * *
The bolt of electricity hits you!
* * * LOW HITPOINT WARNING * * *
The bolt of electricity misses the electric eel.
A wight comes into view. It is wielding a +0 short sword.
You scratch the electric eel but do no damage.
The electric eel is severely wounded.
Unknown command.
You claw the electric eel!
You kill the electric eel!
The wight misses you.
Your life force feels restored.
Unknown command.
Okay, then.
You feel better.
The wight hits you from afar with a +0 antimagic halberd!
* * * LOW HITPOINT WARNING * * *
You feel your power leaking away.
Unknown command.
The wight barely misses you.
Unknown command.
You barely miss the wight. You block the wight's attack.
Unknown command.
You scratch the wight but do no damage.
The wight hits you with a +0 antimagic halberd.
* * * LOW HITPOINT WARNING * * *
You feel drained.
* * * LOW HITPOINT WARNING * * *
You feel your power leaking away.
Unknown command.
You closely miss the wight.
The wight hits you with a +0 antimagic halberd!
You die...

........#..#..#.#.#
.......#.#..#....#.######
.......#########........#
#.......≈≈≈≈≈≈≈.#
#.≈≈≈≈≈≈......≈.#
#.≈.....#####.≈.#
#.≈.####....# ≈.# #.≈
#...≈≈≈.# .# #. #.≈≈@_≈.#
# # #.≈)zz≈.#
#.≈.#...#.≈.#
#.≈.#_.##.≈.# #.≈ ###.
.≈.# #. ≈ ≈≈.# #. . .# ##


You could see 2 wights.

Vanquished Creatures
  A steam dragon (D:8)
  Menkaure (D:5)
  A sky beast (D:6)
  An ogre (D:5)
  A kobold brigand (D:8)
  3 scorpions (D:5)
  An electric eel (D:8)
  2 orc priests
  A hound (D:4)
  2 jellies (D:4)
  Ijyb (D:4)
  An iguana (D:5)
  4 orc wizards
  3 gnolls (D:3)
  3 adders
  A shadow imp (D:3)
  6 worms
  2 dart slugs
  24 orcs
  7 ball pythons
  3 bats (D:1)
  4 endoplasms
  2 giant cockroaches
  6 goblins
  6 hobgoblins
  5 jackals
  3 quokkas
  2 frilled lizards (D:1)
  7 kobolds
  3 rats
107 creatures vanquished.

Vanquished Creatures (others)
  A wight (D:8)
1 creature vanquished.

Grand Total: 108 creatures vanquished

Notes
Turn   | Place    | Note
-------+----------+-------------------------------------------
     0 | D:1      | zenocrate the Troll Fighter began the quest for the Orb.
     0 | D:1      | Reached XP level 1. HP: 22/22 MP: 0/0
   119 | D:1      | Reached XP level 2. HP: 28/29 MP: 1/1
   255 | D:1      | Reached skill level 3 in Unarmed Combat
   838 | D:2      | Found Gifosicu's Antique Armour Shoppe.
   915 | D:2      | Reached XP level 3. HP: 36/36 MP: 2/2
   930 | D:2      | Identified the +6 quarterstaff "Ogrebane" {flame, rN++
                  | Dex+3}
  1278 | D:2      | Reached skill level 4 in Unarmed Combat
  1291 | D:2      | Reached XP level 4. HP: 26/44 MP: 3/3
  1424 | D:3      | Learned a level 2 spell: Blink
  1435 | D:3      | Found a faded altar of an unknown god.
  1543 | D:3      | Reached skill level 1 in Spellcasting
  1756 | D:4      | Reached XP level 5. HP: 47/50 MP: 4/6
  1910 | D:4      | Reached skill level 5 in Unarmed Combat
  1973 | D:4      | Noticed Ijyb
  1984 | D:4      | Killed Ijyb
  1985 | D:4      | Reached XP level 6. HP: 19/59 MP: 8/8
  2342 | D:5      | Entered Level 5 of the Dungeon
  2485 | D:5      | Noticed Menkaure
  2490 | D:5      | Killed Menkaure
  2491 | D:5      | Reached skill level 6 in Unarmed Combat
  2491 | D:5      | Reached skill level 1 in Evocations
  2491 | D:5      | Reached XP level 7. HP: 29/66 MP: 9/9
  3109 | D:5      | Found Oxayweth's Weapon Shoppe.
  3168 | D:6      | Reached skill level 7 in Unarmed Combat
  3350 | D:6      | You fall into a shaft and drop 2 floors!
  3367 | D:8      | Noticed a steam dragon
  3377 | D:8      | Killed a steam dragon
  3378 | D:8      | Reached XP level 8. HP: 15/74 MP: 10/10
  3646 | D:8      | Found an opulent altar of Gozag.
  3649 | D:8      | Found an ornate altar of the Wu Jian Council.
  3661 | D:8      | Mangled by a wight

Illustrated notes

Levels and vault maps discovered:
D:1:      ncdulo_halloftheorcs, layout_loops_ring, serial_bayou_crossing
D:2:      layout_loops_ring, serial_shops, nicolae_shop_back_alley_shop,
          hangedman_decor_growths
D:3:      layout_rooms, hellmonk_ecumenical_altar_run_dry,
          kennysheep_generic_room_14
D:4:      layout_rooms, kennysheep_generic_room_7, uniq_ijyb
D:5:      layout_basic, serial_shops, nicolae_shop_just_a_little_nook,
          small_statue_intersection, uniq_menkaure
D:6:      layout_layer_cave, minmay_temple_entry_wispy,
          cheibrodos_sewer_entry_bend
D:8:      layout_basic, nicolae_overflow_squiral, nicolae_stop_n_shop_1,
          grunt_ogre_cave, nrook_campfire

Skill      XL: |  1  2  3  4  5  6  7 |
---------------+----------------------+-----
Unarmed Combat | 3 4 5 6 7 |  7.6
Spellcasting   | 1 2 |  2.3
Evocations     | 1 3 |  3.6
Fighting       | |  2.4
Dodging        | |  2.4
Shields        | |  2.6

Action                     |  1- 3 |  4- 6 |  7- 9 || total
---------------------------+-------+-------+-------++-------
  Melee: Unarmed           |    55 |   157 |    76 ||   288
    Use: Scroll            |       |     3 |     5 ||     8
         Potion            |       |     2 |     1 ||     3
   Stab: Sleeping          |       |       |     1 ||     1
 Armour: Robe              |    42 |    90 |    50 ||   182
  Dodge: Dodged            |    16 |    70 |    35 ||   121
  Block: Kite shield       |    24 |    58 |    20 ||   102

Table legend: (Time is in decaauts)
 A = Elapsed time spent in this place.
 B = Non-inter-level travel time spent in this place.
 C = Inter-level travel time spent in this place.
 D = Time resting spent in this place.
 E = Time spent auto-exploring this place.
 F = Levels seen in this place.
 G = Mean time per level.
                   A        B        C        D        E       F      G
               +--------+--------+--------+--------+--------+-----+--------+
         Total |   3666 |   3563 |    103 |      0 |   2869 |   7 |  523.7 |
       Dungeon |   3666 |   3563 |    103 |      0 |   2869 |   7 |  523.7 |
               +--------+--------+--------+--------+--------+-----+--------+

Top non-repeatable levels by time:
     D:5: 814 daAuts
     D:2: 668 daAuts
     D:1: 644 daAuts
     D:4: 592 daAuts
     D:3: 444 daAuts
     D:8: 309 daAuts
     D:6: 192 daAuts
